General information
- name: BNet
- type: Ladder 1vs1/FFA
- host: Battle.net
- saver: sprt.0
map: TwistedMeadows
- players: 2
- length: 222:43
- speed: Fast
- version: 1.24 W3XP
- replay type: Public
» download(451 KB)
Players
team 1 (winner)
sprt.0 (
orange | 31 APM | 6877 actions | 222:43)
9 Dark Ranger
2 Black Arrow
3 Silence
1 Charm
3 Life Drain
4 Archmage
2 Blizzard
2 Brilliance Aura
5 Firelord
2 Soul Burn
3 Incinerate
» actions
| Assign group hotkey | 177 | |
| Basic commands | 488 | |
| Build / train | 508 | |
| ESC pressed | 7 | |
| Enter build submenu | 99 | |
| Enter hero's abilities submenu | 19 | |
| Give item / drop item | 56 | |
| Right click | 2702 | |
| Select / deselect | 1742 | |
| Select group hotkey | 484 | |
| Use ability | 594 | |
6877 total
» units
| Peasant | 23 | |
| Footman | 10 | |
| Goblin Shredder | 5 | |
| Sorceress | 3 | |
| Rifleman | 2 | |
| Knight | 8 | |
| Siege Engine | 5 | |
| Gryphon Rider | 2 | |
| Goblin Zeppelin | 151 | |
| Wisp | 125 | |
| Flying Machine | 8 | |
342 total
» upgrades
| Defend | 1 | |
| Masonry | 3 | |
| Sorceress Training | 1 | |
| Magic Sentry | 1 | |
| Swords | 3 | |
| Plating | 3 | |
| Lumber Harvesting | 2 | |
| Priest Training | 1 | |
| Gunpowder | 3 | |
| Barrage | 1 | |
| Animal War Training | 1 | |
| Flak Cannons | 1 | |
| Armor | 3 | |
| Strength of the Wild | 3 | |
| Moon Armor | 2 | |
| Strength of the Moon | 2 | |
| Reinforced Hides | 3 | |
| Nature's Blessing | 1 | |
| Backpack | 1 | |
| Druid of the Talon Training | 2 | |
| Hippogryph Taming | 1 | |
| Well Spring | 1 | |
| Mark of the Talon | 1 | |
41 total
» buildings
| Altar of Kings | 2 | |
| Barracks | 2 | |
| Farm | 14 | |
| Scout Tower | 41 | |
| Arcane Tower | 12 | |
| Town Hall | 9 | |
| Arcane Vault | 5 | |
| Lumber Mill | 1 | |
| Keep | 1 | |
| Guard Tower | 16 | |
| Blacksmith | 1 | |
| Arcane Sanctum | 1 | |
| Castle | 1 | |
| Gryphon Aviary | 1 | |
| Workshop | 3 | |
| Tree of Life | 3 | |
| Hunter's Hall | 1 | |
| Moon Well | 15 | |
| Tree of Ages | 1 | |
| Ancient of Wonders | 1 | |
| Altar of Elders | 1 | |
| Ancient of Wind | 8 | |
| Tree of Eternity | 1 | |
141 total
» build order
00:06 Altar of Kings
00:13 Barracks
00:30 Farm
00:32 Farm
01:37 Altar of Kings
02:14 Farm
02:49 Farm
03:02 Scout Tower
03:35 Arcane Tower
04:38 Town Hall
04:47 Town Hall
04:50 Scout Tower
04:51 Scout Tower
05:05 Scout Tower
05:36 Arcane Vault
06:01 Arcane Tower
06:32 Arcane Tower
06:50 Lumber Mill
07:15 Scout Tower
07:18 Keep
07:31 Farm
07:47 Scout Tower
07:48 Scout Tower
07:49 Scout Tower
07:50 Scout Tower
07:51 Scout Tower
07:51 Scout Tower
07:59 Farm
08:21 Arcane Tower
08:25 Scout Tower
08:26 Scout Tower
08:27 Scout Tower
08:28 Scout Tower
08:49 Guard Tower
08:50 Blacksmith
08:52 Guard Tower
09:18 Guard Tower
10:23 Arcane Sanctum
10:24 Guard Tower
10:25 Guard Tower
11:38 Scout Tower
11:53 Scout Tower
11:54 Scout Tower
12:30 Guard Tower
13:36 Scout Tower
13:37 Scout Tower
13:38 Scout Tower
13:39 Scout Tower
13:40 Scout Tower
13:41 Scout Tower
14:03 Scout Tower
14:03 Scout Tower
14:04 Scout Tower
14:05 Guard Tower
14:18 Guard Tower
14:31 Town Hall
14:33 Guard Tower
14:54 Castle
14:55 Guard Tower
14:56 Guard Tower
14:58 Scout Tower
15:00 Scout Tower
15:01 Scout Tower
15:07 Guard Tower
15:07 Guard Tower
15:16 Arcane Tower
15:20 Arcane Vault
15:37 Guard Tower
15:44 Guard Tower
15:44 Guard Tower
16:07 Farm
16:08 Farm
18:10 Gryphon Aviary
18:14 Workshop
18:23 Workshop
18:27 Farm
18:41 Workshop
20:48 Barracks
21:38 Farm
21:39 Farm
21:44 Farm
21:46 Farm
22:23 Farm
32:06 Town Hall
33:26 Scout Tower
33:27 Scout Tower
33:32 Scout Tower
33:33 Scout Tower
33:41 Scout Tower
33:42 Scout Tower
33:43 Arcane Tower
33:46 Arcane Tower
33:46 Arcane Tower
34:13 Arcane Tower
34:21 Arcane Tower
34:22 Arcane Tower
34:28 Town Hall
35:06 Town Hall
40:21 Tree of Life
42:57 Town Hall
43:01 Town Hall
47:10 Scout Tower
50:36 Scout Tower
50:38 Scout Tower
50:39 Scout Tower
50:40 Scout Tower
53:40 Arcane Tower
53:45 Tree of Life
53:46 Hunter's Hall
53:48 Moon Well
53:49 Moon Well
53:55 Moon Well
53:58 Moon Well
63:20 Moon Well
63:21 Moon Well
64:14 Town Hall
65:42 Tree of Ages
65:52 Ancient of Wonders
70:33 Altar of Elders
72:33 Ancient of Wind
72:37 Tree of Eternity
74:33 Tree of Life
74:38 Moon Well
74:39 Moon Well
74:41 Moon Well
74:42 Moon Well
74:44 Moon Well
74:48 Moon Well
74:49 Moon Well
74:54 Moon Well
74:55 Moon Well
77:07 Ancient of Wind
78:05 Ancient of Wind
78:10 Ancient of Wind
82:00 Ancient of Wind
82:03 Ancient of Wind
85:13 Ancient of Wind
91:08 Arcane Vault
91:14 Arcane Vault
91:18 Arcane Vault
119:23 Ancient of Wind
» items
| Scroll of Regeneration | 7 | |
| Mechanical Critter | 27 | |
| Lesser Clarity Potion | 1 | |
| Potion of Healing | 5 | |
| Potion of Mana | 1 | |
| Scroll of Town Portal | 5 | |
| Staff of Sanctuary | 2 | |
| Scroll of Healing | 2 | |
| Boots of Speed | 1 | |
| Periapt of Vitality | 17 | |
| Potion of Lesser Invulnerability | 1 | |
| Circlet of Nobility | 1 | |
70 total
team 2 (loser)
Tombstone.xLWx. (
red | 15 APM | 3426 actions | 222:41)
7 Keeper of the Grove
3 Entangling Roots
3 Thorns Aura
1 Tranquility
5 Demon Hunter
1 Mana Burn
1 Evasion
3 Immolation
» actions
| Assign group hotkey | 30 | |
| Basic commands | 463 | |
| Build / train | 116 | |
| Enter build submenu | 66 | |
| Enter hero's abilities submenu | 14 | |
| Give item / drop item | 2 | |
| Remove unit from queue | 10 | |
| Right click | 1710 | |
| Select / deselect | 575 | |
| Select group hotkey | 233 | |
| Use ability | 206 | |
3426 total
» units
| Wisp | 45 | |
| Archer | 6 | |
| Huntress | 9 | |
| Glaive Thrower | 3 | |
| Ogre Mauler | 1 | |
| Mud Golem | 1 | |
| Dryad | 3 | |
68 total
» upgrades
| Strength of the Moon | 3 | |
| Moon Armor | 3 | |
| Sentinel | 1 | |
| Improved Bows | 1 | |
| Strength of the Wild | 2 | |
| Vorpal Blades | 1 | |
| Upgrade Moon Glaive | 1 | |
| Marksmanship | 1 | |
| Abolish Magic | 1 | |
| Resistant Skin | 1 | |
| Ultravision | 1 | |
| Reinforced Hides | 1 | |
17 total
» buildings
| Moon Well | 16 | |
| Altar of Elders | 5 | |
| Ancient of War | 8 | |
| Ancient of Wonders | 2 | |
| Hunter's Hall | 3 | |
| Tree of Ages | 2 | |
| Tree of Life | 8 | |
| Tree of Eternity | 1 | |
| Ancient of Lore | 2 | |
| Ancient of Wind | 2 | |
| Ancient Protector | 14 | |
63 total
» build order
00:12 Moon Well
00:30 Altar of Elders
00:50 Ancient of War
01:21 Moon Well
01:38 Ancient of Wonders
02:30 Hunter's Hall
02:55 Ancient of War
03:26 Tree of Ages
04:54 Moon Well
05:41 Moon Well
06:57 Tree of Life
08:56 Tree of Life
11:03 Tree of Eternity
14:38 Tree of Life
14:55 Ancient of Lore
15:02 Ancient of Lore
20:04 Tree of Life
22:05 Ancient of Wind
22:06 Ancient of Wind
22:09 Moon Well
22:11 Moon Well
22:26 Tree of Life
23:23 Tree of Life
24:26 Ancient of War
24:30 Ancient of War
24:33 Hunter's Hall
24:36 Altar of Elders
24:48 Moon Well
24:48 Moon Well
24:49 Moon Well
24:50 Moon Well
25:59 Tree of Life
26:02 Moon Well
26:05 Moon Well
26:57 Ancient of War
26:59 Altar of Elders
27:03 Ancient of Wonders
27:25 Altar of Elders
27:27 Ancient of War
27:56 Tree of Life
35:13 Moon Well
36:10 Moon Well
37:14 Hunter's Hall
38:25 Ancient Protector
39:02 Ancient of War
39:10 Tree of Ages
40:46 Ancient Protector
40:59 Ancient Protector
41:13 Ancient Protector
41:35 Moon Well
41:53 Ancient Protector
42:07 Ancient Protector
42:19 Ancient Protector
42:31 Moon Well
42:34 Ancient Protector
43:04 Ancient Protector
43:19 Ancient Protector
43:35 Ancient Protector
49:48 Altar of Elders
49:52 Ancient Protector
49:53 Ancient Protector
49:54 Ancient Protector
50:25 Tree of Ages
51:29 Ancient of War
» items
| Moonstone | 1 | |
| Scroll of Town Portal | 2 | |
3 total
Chat log
(09:11 / All) Tombstone.xLWx.: come get me
(30:51 / All) Tombstone.xLWx.: you going to end this or wat?
(31:05 / All) sprt.0: nah
(34:53 / All) sprt.0: finall back to 50 food)
(35:25 / All) Tombstone.xLWx.: end it
(35:27 / All) sprt.0: why
(35:39 / All) sprt.0: if you want it over so bad just alt-QQ
(35:47 / All) sprt.0: no youre dragging it on for no reason
(35:48 / All) Tombstone.xLWx.: lawl
(35:49 / All) sprt.0: just leave in shame
(35:51 / All) sprt.0: and its over
(35:53 / All) Tombstone.xLWx.: lmfao
(36:03 / All) Tombstone.xLWx.: i dont leave games sorry captain
(36:07 / All) sprt.0: thx for letting me fast expand btw
(36:16 / All) sprt.0: crying about how i wont end it is worse than leaving
(36:27 / All) Tombstone.xLWx.: lmfao qq kid
(36:35 / All) sprt.0: says the guy crying
(36:39 / All) sprt.0: you obviously dont know what qq means
(36:41 / All) Tombstone.xLWx.: lol crying.
(36:43 / All) Tombstone.xLWx.: roffle
(36:50 / All) sprt.0: pretend to laugh, its a good way to save face :)
(37:04 / All) Tombstone.xLWx.: your jokes
(37:20 / All) sprt.0: [generic bnet comeback #572]
(37:54 / All) sprt.0: lol epic comeback?
(40:04 / All) sprt.0: Thx for not cancelling
(40:17 / All) Tombstone.xLWx.: lol like it mattered
(41:00 / All) sprt.0: even when it did matter you didnt cancel :)
(41:09 / All) Tombstone.xLWx.: lol yes i did
(41:17 / All) sprt.0: no you didnt
(41:18 / All) sprt.0: lol
(43:30 / All) sprt.0: towering?
(43:34 / All) sprt.0: you know im gonna let you have that mine
(44:10 / All) sprt.0: aw u found 1 of my critters
(49:42 / All) Tombstone.xLWx.: lol
(49:45 / All) sprt.0: yawn
(50:21 / All) sprt.0: shoulda stayed rooted
(50:39 / All) Tombstone.xLWx.: meh this games been over for awhile u just refuse to end it
(50:46 / All) sprt.0: get mad about it?
(51:03 / All) Tombstone.xLWx.: its funny because your not even good lol
(51:08 / All) sprt.0: thats why you lost?
(51:17 / All) Tombstone.xLWx.: i lost because u mass towered
(51:20 / All) sprt.0: lmfao
(51:27 / All) sprt.0: says the guy failing a tower rush
(51:36 / All) Tombstone.xLWx.: rush ?
(51:36 / All) sprt.0: lemme explain strategy to you since you dont get it
(51:42 / All) Tombstone.xLWx.: a rush like 45 minutes in the game lawl
(51:47 / All) sprt.0: when ur back to the beginnig
(52:12 / All) sprt.0: ok here goes
(52:23 / All) sprt.0: yyou let me fast expand
(52:27 / All) sprt.0: without stopping me
(52:29 / All) Tombstone.xLWx.: idc
(52:31 / All) sprt.0: so i was at 50 food
(52:43 / All) sprt.0: you should itll make you better
(52:57 / All) sprt.0: when i was at 50 food with a strong eco
(53:12 / All) sprt.0: tier 1 vs tier 1 id lose in favor of economy
(53:17 / All) Tombstone.xLWx.: i know the strat stop talking
(53:18 / All) sprt.0: if you were dumb enough to attack the hunts
(53:21 / All) sprt.0: no you dont apparently
(53:31 / All) sprt.0: because you bitch about towers yet you attack them with unarmored units
(55:07 / All) sprt.0: lmfao
(55:21 / All) sprt.0: boom
(55:24 / All) Tombstone.xLWx.: meh
(55:33 / All) sprt.0: nobody ever admits sucking on the internet
(55:36 / All) sprt.0: they just say "meh"
(55:47 / All) Tombstone.xLWx.: lol i find it hilarious how u think your so pro but yet u have a negative record lmfao
(55:57 / All) sprt.0: i find it hilarious that you havent check my profile
(55:59 / All) sprt.0: i lossbot on undead
(56:07 / All) Tombstone.xLWx.: lol
(56:08 / All) Tombstone.xLWx.: k
(56:11 / All) sprt.0: im about 98% on the races i actually paly
(56:13 / All) sprt.0: check it
(56:20 / All) Tombstone.xLWx.: sure
(56:26 / All) sprt.0: check it if u dont believe me
(56:40 / All) sprt.0: 61 deliberate losses on undead
(56:53 / All) sprt.0: id have 0% but i hit other lossbots sometimes :(
(56:56 / All) Tombstone.xLWx.: make more excuses please
(57:05 / All) sprt.0: not an excuse because you could verify it
(57:10 / All) sprt.0: no reason to rage
(57:18 / All) Tombstone.xLWx.: lawl im not
(57:22 / All) sprt.0: dont deny it
(57:28 / All) sprt.0: denial isnt healthy
(58:08 / All) sprt.0: rofl
(58:10 / All) sprt.0: aw
(58:14 / All) sprt.0: woulda been too predictable
(58:17 / All) Tombstone.xLWx.: actually minimized
(63:53 / All) sprt.0: which gold mine u want
(63:57 / All) sprt.0: top right or bot right
(69:33 / All) sprt.0: yay ur still here :)
(83:01 / All) sprt.0: dont pp
(83:07 / All) sprt.0: that counts as leaving
(133:12 / All) sprt.0: To anyone actually watching the replay, this part is particularly moving while playing Handel's Water Music in D
(133:29 / All) sprt.0: Well not really.
(192:16 / All) sprt.0: AT LAST IT IS DONE
(192:26 / All) sprt.0: A SYMPHONY OF WISPS AND ZEPPELINS
(201:59 / All) sprt.0: 166666 lumbe^r
(202:04 / All) sprt.0: that cant be good
(202:19 / All) sprt.0: will you still refuse to leave when i have 666666 lumber?
(203:22 / All) sprt.0: id have a helluva lot more lumber, except that my wisps are otherwise engaged
(205:05 / All) sprt.0: On my minimap it looks quite purty...four chains of wisps circling the tree clumps
(220:48 / All) sprt.0: ok 200k thatll have to do
(221:11 / All) sprt.0: GO TREANT FORCE
(221:19 / All) sprt.0: FORM ARMS AND TORSO
(221:23 / All) sprt.0: FORM LEGS AND FEET
(221:29 / All) sprt.0: AND ILL FORM...THE HEAD
(222:39 / All) sprt.0: and all because you refused to leave :)